 Dungeon Crawl Stone Soup version 0.30-a0-6-g7c9e10e132 (webtiles) character file.

Game seed: 4178954191791235489

681 siradein the Trooper (level 7, 0/55 HPs)
             Began as a Vampire Fighter on Aug 23, 2022.
             Was an Initiate of Yredelemnul.
             Slain by a gnoll
             ... wielding a +0 flail
             ... led by a gnoll bouda
              (1 damage)
             ... on level 5 of the Dungeon.
             The game lasted 00:06:47 (3095 turns).

siradein the Trooper (Vampire Fighter)              Turns: 3095, Time: 00:06:47

Health: 0/55       AC:  7    Str: 15    XL:     7   Next: 34%
Magic:  8/8        EV:  9    Int: 10    God:    Yredelemnul [......]
Gold:   215        SH:  6    Dex: 22    Spells: 6/6 levels left

rFire   . . .      SeeInvis +    a - +0 long sword
rCold   . . .      Faith    .    c - +0 buckler
rNeg    . . .      Spirit   .    i - +0 ring mail
rPois   .          Reflect  .    b - +1 helmet
rElec   .          Harm     .    (no cloak)
rCorr   .          Rampage  .    (no gloves)
Will    .....                    (no boots)
Stlth   +.........               (no amulet)
HPRegen 0.38/turn                f - +6 ring of dexterity
MPRegen 0.11/turn                (no ring)

@: healing quickly
A: alive, fangs 3, see invisible, vampiric 2
a: Exsanguinate, Renounce Religion, Recall Undead Harvest


You were on level 5 of the Dungeon.
You worshipped Yredelemnul.
Yredelemnul was noncommittal.
You visited 2 branches of the dungeon, and saw 6 of its levels.

You collected 215 gold pieces.

Inventory:

Hand Weapons
 a - a +0 long sword (weapon)
Missiles
 h - 5 poisoned darts (quivered)
 u - 3 curare-tipped darts
Armour
 b - a +1 helmet (worn)
 c - a +0 buckler (worn)
 i - a +0 ring mail (worn)
Jewellery
 f - a +6 ring of dexterity (left hand)
 s - a ring of wizardry
Scrolls
 d - 2 scrolls of blinking {unknown}
 e - a scroll of teleportation {unknown}
 g - a scroll of butterflies {unknown}
 j - a scroll of poison {unknown}
 k - a scroll of summoning {unknown}
 l - 2 scrolls of identify {unknown}
 o - a scroll of magic mapping {unknown}
 p - a scroll of vulnerability {unknown}
 q - 2 scrolls of fear {unknown}
 t - 2 scrolls of amnesia {unknown}
 v - a scroll of enchant armour {unknown}
 x - a scroll of brand weapon {unknown}
 y - a scroll of immolation {unknown}
 z - a scroll of noise {unknown}
Potions
 m - a potion of flight {unknown}
 n - 5 potions of curing
 r - a potion of heal wounds {unknown}
 w - a potion of degeneration {unknown}
 A - a potion of cancellation {unknown}
 B - a potion of might


   Skills:
 + Level 4.9 Fighting
 + Level 4.8 Long Blades
 - Level 3.4 Armour
 - Level 4.0 Shields
 + Level 1.9 Invocations


You had 6 spell levels left.
You didn't know any spells.
Your spell library contained the following spells:

 Spells                   Type           Power      Damage    Failure   Level
 Conjure Ball Lightning   Conj/Air       0%         3x3d6     100%        6
 Discord                  Hex            0%         N/A       100%        8
 Disjunction              Tloc           0%         N/A       100%        8


Dungeon Overview and Level Annotations

Branches:
Dungeon (5/15)             Temple (1/1) D:4

Altars:
Dithmenos
Kikubaaqudgha
Makhleb
Nemelex Xobeh
Sif Muna
Trog
Wu Jian
Yredelemnul

Annotations:
D:2 1 runed translucent door, Crazy Yiuf


Innate Abilities, Weirdness & Mutations

Your natural rate of healing is accelerated.
You have razor-sharp teeth.
You have supernaturally acute eyesight. (SInv)
You are afflicted with vampirism and can become a bat while bloodless.


Message History

The gnoll hits you from afar with a +0 spear.
The gnoll barely misses you.
Your orc zombie hits the gnoll but does no damage.
The necrophage hits your gnoll zombie!
The gnoll bouda hits you with a +0 whip.
You slash the gnoll bouda!
You kill the gnoll bouda!
The dead are walking!
Your gnoll zombie hits the gnoll.
You block the gnoll's attack. The gnoll hits you with a +0 flail!
You block the gnoll's attack. The hound barely misses you.
The necrophage hits your gnoll zombie.
Your orc zombie hits the gnoll but does no damage.
You are too injured to fight recklessly!
Unknown command.
You closely miss the gnoll.
The gnoll is moderately wounded.
The hound bites you but does no damage. You block the gnoll's attack.
The gnoll hits you with a +0 flail of holy wrath.
You convulse.
The gnoll closely misses you.
Your gnoll zombie hits the gnoll.
The hound bites you but does no damage. The necrophage hits your gnoll zombie.
Your gnoll zombie is destroyed!
Your orc zombie barely misses the gnoll.
The gnoll hits you with a +0 flail!
* * * LOW HITPOINT WARNING * * *
The gnoll hits you but does no damage.
The gnoll hits you from afar with a +0 spear.
* * * LOW HITPOINT WARNING * * *
Your gnoll bouda zombie hits the gnoll but does no damage.
Unknown command.
You hit the gnoll. You bite the gnoll, but do no damage.
The gnoll is heavily wounded.
The hound barely misses you. The hound closely misses you.
The gnoll barely misses you.
The gnoll hits you with a +0 flail of holy wrath!
* * * LOW HITPOINT WARNING * * *
You convulse.
* * * LOW HITPOINT WARNING * * *
The gnoll hits you with a +0 flail.
You die...
Yredelemnul claims you as an undead slave.

........# #..... .#
........# #.... ...+
........###.... ...
....Z#....#...####..
.....#....#.......#
.....+....+.......+
..####....##......#
#..........#....Zg####..
'..........'....@h......
#..........######gg.....
...........#


Zn..... ............ ....... ...#######... ....... ...# #... ....... ...# #....
....... ...# #?... ###.... ...# You could see a necrophage, a hound, 3 gnolls, a
friendly gnoll bouda zombie and a friendly orc zombie.

Vanquished Creatures
  An ice beast (D:3)
  An ogre (D:4)
  2 necrophages (D:5)
  A scorpion (D:4)
  A hound (D:2)
  A jelly (D:4)
  A gnoll bouda (D:5)
  Terence (D:2)
  An orc wizard (D:4)
  2 iguanas
  A gnoll (D:5)
  3 adders
  2 worms
  3 dart slugs
  3 orcs
  3 endoplasms
  3 giant cockroaches
  11 goblins
  6 hobgoblins
  7 jackals
  4 quokkas
  5 ball pythons
  5 bats
  5 frilled lizards
  7 kobolds
  5 rats (D:1)
85 creatures vanquished.

Vanquished Creatures (others)
  A gnoll zombie (D:5)
  A hobgoblin zombie (D:4)
2 creatures vanquished.

Grand Total: 87 creatures vanquished

Notes
Turn   | Place    | Note
-------+----------+-------------------------------------------
     0 | D:1      | siradein the Vampire Fighter began the quest for the Orb.
     0 | D:1      | Reached XP level 1. HP: 17/17 MP: 1/1
   140 | D:1      | Reached XP level 2. HP: 23/23 MP: 2/2
   402 | D:1      | Gained mutation: You are afflicted with vampirism and can
                  | become a bat while bloodless. [Vampire growth]
   402 | D:1      | Reached XP level 3. HP: 29/29 MP: 3/3
  1124 | D:2      | Found an ancient bone altar of Kikubaaqudgha.
  1275 | D:2      | Found a runed translucent door.
  1276 | D:2      | Noticed Crazy Yiuf
  1297 | D:2      | Reached XP level 4. HP: 35/35 MP: 4/4
  1411 | D:2      | Noticed Terence
  1423 | D:2      | Killed Terence
  1914 | D:3      | Reached XP level 5. HP: 41/41 MP: 5/5
  1918 | D:3      | Noticed an ice beast
  1946 | D:3      | Killed an ice beast
  2229 | D:4      | Reached XP level 6. HP: 48/48 MP: 6/6
  2516 | D:4      | Found a staircase to the Ecumenical Temple.
  2535 | Temple   | Entered the Ecumenical Temple
  2542 | Temple   | Became a worshipper of Yredelemnul the Dark
  2762 | D:4      | Reached skill level 1 in Invocations
  2936 | D:5      | Entered Level 5 of the Dungeon
  2962 | D:5      | Reached XP level 7. HP: 51/55 MP: 7/7
  3093 | D:5      | Reached * piety under Yredelemnul
  3095 | D:5      | HP: 2/55 [gnoll/+0 flail of holy wrath[a gnoll bouda] (7)]
  3095 | D:5      | Slain by a gnoll

Illustrated notes

Levels and vault maps discovered:
D:1:      kilobyte_arrival_exit_the_forest, layout_basic
D:2:      layout_loops_cross, basic_altar, kennysheep_generic_room_10,
          uniq_crazy_yiuf_cottage, uniq_terence
D:3:      layout_rooms
D:4:      layout_cave_pools, minmay_temple_entry_statues_pillars,
          serial_column_ruins, column_ruins_grid_1,
          column_ruins_open_tiny_water, column_ruins_open_medium,
          column_ruins_open_small, column_ruins_open_medium,
          minmay_misc_feat_enclosed
D:5:      cheibrodos_iron_armory, layout_basic, gammafunk_ghost_necromancy,
          lemuel_flamethrower_2, uniq_duvessa
Temple:   compressed_dpeg_triangle_lava_temple

Skill      XL: |  1  2  3  4  5  6 |
---------------+-------------------+-----
Shields        | 3 4 |  4.0
Fighting       | 3 4 |  4.9
Armour         | 3 |  3.4
Long Blades    | 3 4 |  4.8
Invocations    | 1 |  1.9

Action                   |  1- 3 |  4- 6 |  7- 9 || total
-------------------------+-------+-------+-------++-------
Melee: Long sword        |   106 |   118 |    21 ||   245
       Bite              |     5 |    13 |     1 ||    19
  Use: Potion            |       |     2 |       ||     2
 Stab: Sleeping          |     1 |       |       ||     1
Armor: Scale mail        |    23 |       |       ||    23
       Ring mail         |    27 |    46 |     5 ||    78
Dodge: Dodged            |    51 |    41 |    15 ||   107
Block: Buckler           |    32 |    34 |    11 ||    77

Table legend: (Time is in decaauts)
 A = Elapsed time spent in this place.
 B = Non-inter-level travel time spent in this place.
 C = Inter-level travel time spent in this place.
 D = Time resting spent in this place.
 E = Time spent auto-exploring this place.
 F = Levels seen in this place.
 G = Mean time per level.
                   A        B        C        D        E       F      G
               +--------+--------+--------+--------+--------+-----+--------+
         Total |   3225 |   3087 |    138 |      0 |   2431 |   6 |  537.5 |
       Dungeon |   3208 |   3082 |    126 |      0 |   2431 |   5 |  641.6 |
        Temple |     16 |      4 |     12 |      0 |      0 |   1 |   16.0 |
               +--------+--------+--------+--------+--------+-----+--------+

Top non-repeatable levels by time:
     D:1: 989 daAuts
     D:2: 806 daAuts
     D:4: 805 daAuts
     D:3: 428 daAuts
     D:5: 177 daAuts
  Temple: 16 daAuts
